 Dungeon Crawl Stone Soup version 0.28-a0-919-g0b5b508569 (webtiles) character file.

Game seed: 17388386259958081514

254 croobank the Poker (level 6, -3/53 HPs)
             Began as a Gnoll Cinder Acolyte on Nov 25, 2021.
             Was an Elder of Ignis.
             Engulfed by a cloud of flame (10 damage)
             ... on level 4 of the Dungeon.
             The game lasted 00:16:09 (2623 turns).

croobank the Poker (Gnoll Cinder Acolyte)           Turns: 2623, Time: 00:16:09

Health: -3/53      AC:  8    Str: 13    XL:     6   Next: 15%
Magic:  3/11       EV: 11    Int: 20    God:    Ignis [****..]
Gold:   178        SH:  0    Dex:  9    Spells: 9/11 levels left

rFire   + . .      SeeInvis .   A - +6 mace "Fejuofua" {vorpal, rN+}
rCold   . . .      Faith    .   (no shield)
rNeg    + + .      Spirit   .   t - +2 leather armour {rN+}
rPois   .          Reflect  .   (no helmet)
rElec   .          Harm     .   r - +0 cloak
rCorr   .          Rampage  .   h - +0 pair of gloves
Will    .....                   x - +0 pair of boots
Stlth   +.........              (no amulet)
HPRegen 0.17/turn               j - +6 ring of intelligence
MPRegen 0.12/turn               (no ring)

@: mighty
A: fangs 1, strong nose, distributed training
a: Renounce Religion, Fiery Armour, Foxfire Swarm, Rising Flame


You were on level 4 of the Dungeon.
You worshipped Ignis.
Ignis was greatly pleased with you.
You visited 1 branch of the dungeon, and saw 4 of its levels.

You collected 178 gold pieces.

Inventory:

Hand Weapons
 a - a +4 quarterstaff of chaos
 b - a +0 hunting sling
 d - a +0 war axe
 g - a +0 long sword
 q - a -1 spear of flaming
 s - a +1 flail of protection
 y - a +2 short sword of venom
 A - the +6 mace "Fejuofua" (weapon) {vorpal, rN+}
   (You took it off a goblin on level 4 of the Dungeon)

   It inflicts extra damage upon your enemies.
   rN:        It protects you from negative energy.
Missiles
 c - 103 stones
Armour
 f - a +0 tower shield
 h - a +0 pair of gloves (worn)
 i - a +0 chain mail
 l - a +0 robe
 n - a +0 leather armour
 r - a +0 cloak (worn)
 t - a +2 leather armour of positive energy (worn)
 w - a +0 ring mail
 x - a +0 pair of boots (worn)
Jewellery
 j - a +6 ring of intelligence (left hand)
Wands
 k - a wand of iceblast (8)
Scrolls
 u - a scroll of teleportation {unknown}
 v - a scroll of fog {unknown}
Potions
 e - 3 potions of brilliance
 o - a potion of magic
 p - a potion of attraction


   Skills:
 + Level 6.8 Fighting
 + Level 1.8 Short Blades
 + Level 1.8 Long Blades
 + Level 1.8 Axes
 + Level 1.8 Maces & Flails
 + Level 6.8 Polearms
 + Level 1.8 Staves
 + Level 1.8 Slings
 + Level 1.8 Bows
 + Level 1.8 Crossbows
 + Level 1.8 Throwing
 + Level 1.8 Armour
 + Level 1.8 Dodging
 + Level 1.8 Stealth
 + Level 1.8 Shields
 + Level 1.8 Unarmed Combat
 + Level 3.3 Spellcasting
 + Level 1.4 Conjurations
 + Level 1.4 Hexes
 + Level 1.4 Summonings
 + Level 1.4 Necromancy
 + Level 1.4 Translocations
 + Level 1.4 Transmutations
 + Level 5.6 Fire Magic
 + Level 1.4 Ice Magic
 + Level 1.4 Air Magic
 + Level 1.4 Earth Magic
 + Level 1.4 Poison Magic
 + Level 2.0 Invocations
 + Level 1.8 Evocations


You had 9 spell levels left.
You knew the following spells:

 Your Spells              Type           Power      Damage    Failure   Level
a - Scorch                Fire           50%        2d8       2%          2

Your spell library contained the following spells:

 Spells                   Type           Power      Damage    Failure   Level


Dungeon Overview and Level Annotations

Branches:
Dungeon (4/15)
 Temple: D:4-7

Altars:

Annotations:
D:4 Eustachio


Innate Abilities, Weirdness & Mutations

You have very sharp teeth.
Your uncanny sense of smell can sniff out nearby items.
Your experience applies equally to all skills.


Message History

Eustachio's fire resistance burns away.
Casting: Scorch (safe; 2% risk of failure)
Press: ? - help, Q - select action, (/) - cycle Dir - look around, f - activate Flames lash Eustachio.
Eustachio is moderately wounded.
Eustachio mumbles some strange words.
Casting: Scorch (safe; 2% risk of failure)
Press: ? - help, Q - select action, (/) - cycle Dir - look around, f - activate Flames lash Eustachio.
Eustachio is heavily wounded.
You sock the quokka!
You kill the quokka!
The quokka's corpse disappears in a puff of smoke!
Eustachio is no longer more vulnerable to fire.
The goblin hits you but does no damage. x2
Eustachio yells, "Perjured traitor, DIE!"
A kobold comes into view. It is wielding a +0 club.
Casting: Scorch (safe; 2% risk of failure)
Press: ? - help, Q - select action, (/) - cycle Dir - look around, f - activate Flames lash the goblin.
The kobold shouts!
The goblin explodes!
The fiery explosion engulfs you! You resist.
You are engulfed in blazing flames.
You resist. Eustachio hits you with a +0 rapier.
Unknown command.
You sock Eustachio!
Eustachio is severely wounded.
You are engulfed in blazing flames.
You resist. Eustachio hits you with a +0 rapier.
You closely miss Eustachio. Your bite misses Eustachio.
Eustachio is severely wounded.
You are engulfed in blazing flames.
You resist.
* * * LOW HITPOINT WARNING * * *
Eustachio hits you with a +0 rapier.
* * * LOW HITPOINT WARNING * * *
It was a potion of might.
You feel very mighty all of a sudden.
You are engulfed in blazing flames.
You resist.
You die...

#########
#.......#
#.#####.#
#.#####.#########
#................
#..####.#########
..######§§#
#.#########
....KS@@§§#
#..........
#.#######§#
########### #.#
#g# #.# ..# ###


You could see Eustachio, a ball python and a kobold.

Vanquished Creatures
  Crazy Yiuf (D:3)
  2 orc priests (D:3)
  An iguana (D:4)
  An orc wizard (D:3)
  4 adders
  A worm (D:3)
  A dart slug (D:1)
  10 orcs (D:3)
  2 ball pythons
  4 bats
  3 endoplasms
  6 giant cockroaches
  8 goblins
  5 hobgoblins
  6 jackals
  2 quokkas
  A frilled lizard (D:1)
  3 kobolds
  5 rats
66 creatures vanquished.

Vanquished Creatures (others)
  4 foxfires (D:3)
4 creatures vanquished.

Grand Total: 70 creatures vanquished

Notes
Turn   | Place    | Note
-------+----------+-------------------------------------------
     0 | D:1      | croobank the Gnoll Cinder Acolyte began the quest for the
                  | Orb.
     0 | D:1      | Reached XP level 1. HP: 23/23 MP: 4/4
    26 | D:1      | Found a faded altar of an unknown god.
   292 | D:1      | Reached XP level 2. HP: 28/29 MP: 5/5
   299 | D:1      | Learned a level 2 spell: Scorch
   792 | D:1      | Reached XP level 3. HP: 35/35 MP: 4/7
  1347 | D:2      | Reached skill level 1 in Invocations
  1502 | D:2      | Reached skill level 1 in Short Blades
  1502 | D:2      | Reached skill level 1 in Long Blades
  1502 | D:2      | Reached skill level 1 in Axes
  1502 | D:2      | Reached skill level 1 in Maces & Flails
  1502 | D:2      | Reached skill level 1 in Staves
  1502 | D:2      | Reached skill level 1 in Slings
  1502 | D:2      | Reached skill level 1 in Bows
  1502 | D:2      | Reached skill level 1 in Crossbows
  1502 | D:2      | Reached skill level 1 in Throwing
  1502 | D:2      | Reached skill level 1 in Armour
  1502 | D:2      | Reached skill level 1 in Dodging
  1502 | D:2      | Reached skill level 1 in Stealth
  1502 | D:2      | Reached skill level 1 in Shields
  1502 | D:2      | Reached skill level 1 in Unarmed Combat
  1502 | D:2      | Reached skill level 1 in Evocations
  1507 | D:2      | Reached XP level 4. HP: 35/41 MP: 3/8
  1714 | D:3      | Found a runed translucent door.
  1715 | D:3      | Noticed Crazy Yiuf
  1721 | D:3      | Killed Crazy Yiuf
  1773 | D:3      | Reached skill level 1 in Conjurations
  1773 | D:3      | Reached skill level 1 in Hexes
  1773 | D:3      | Reached skill level 1 in Summonings
  1773 | D:3      | Reached skill level 1 in Necromancy
  1773 | D:3      | Reached skill level 1 in Translocations
  1773 | D:3      | Reached skill level 1 in Transmutations
  1773 | D:3      | Reached skill level 1 in Ice Magic
  1773 | D:3      | Reached skill level 1 in Air Magic
  1773 | D:3      | Reached skill level 1 in Earth Magic
  1773 | D:3      | Reached skill level 1 in Poison Magic
  1781 | D:3      | Reached XP level 5. HP: 47/47 MP: 1/9
  2473 | D:4      | Reached XP level 6. HP: 53/53 MP: 3/11
  2490 | D:4      | Identified the +6 mace "Fejuofua" {vorpal, rN+}
  2609 | D:4      | Noticed Eustachio
  2623 | D:4      | Engulfed by a cloud of flame

Illustrated notes

Levels and vault maps discovered:
D:1:      lightli_arrival_maybe_door_vault, layout_rooms,
          ebering_ecumenical_altar_box, minmay_misc_feat_x
D:2:      layout_rooms
D:3:      layout_basic, uniq_crazy_yiuf_cottage
D:4:      layout_basic, item_on_display_a, uniq_eustachio

Skill      XL: |  1  2  3  4  5 |
---------------+----------------+-----
Invocations    | 1 2 |  2.0
Short Blades   | 1 |  1.8
Long Blades    | 1 |  1.8
Axes           | 1 |  1.8
Maces & Flails | 1 |  1.8
Staves         | 1 |  1.8
Slings         | 1 |  1.8
Bows           | 1 |  1.8
Crossbows      | 1 |  1.8
Throwing       | 1 |  1.8
Armour         | 1 |  1.8
Dodging        | 1 |  1.8
Stealth        | 1 |  1.8
Shields        | 1 |  1.8
Unarmed Combat | 1 |  1.8
Evocations     | 1 |  1.8
Spellcasting   | 3 |  3.3
Conjurations   | 1 |  1.4
Hexes          | 1 |  1.4
Summonings     | 1 |  1.4
Necromancy     | 1 |  1.4
Translocations | 1 |  1.4
Transmutations | 1 |  1.4
Ice Magic      | 1 |  1.4
Air Magic      | 1 |  1.4
Earth Magic    | 1 |  1.4
Poison Magic   | 1 |  1.4
Fighting       | |  6.8
Polearms       | |  6.8
Fire Magic     | |  5.6

Action                   |  1- 3 |  4- 6 || total
-------------------------+-------+-------++-------
Melee: Spear             |    67 |       ||    67
       Bite              |     6 |     2 ||     8
       War axe           |     5 |       ||     5
       Quarterstaff      |       |    48 ||    48
       Mace              |       |     3 ||     3
Throw: Stone             |     1 |       ||     1
 Cast: Scorch            |    22 |    27 ||    49
Invok: Fiery Armour      |     1 |     1 ||     2
       Foxfire Swarm     |       |     1 ||     1
  Use: Scroll            |     1 |     3 ||     4
       Potion            |       |     1 ||     1
Armor: Robe              |    17 |       ||    17
       Leather armour    |     1 |    25 ||    26
Dodge: Dodged            |    30 |    21 ||    51

Table legend: (Time is in decaauts)
 A = Elapsed time spent in this place.
 B = Non-inter-level travel time spent in this place.
 C = Inter-level travel time spent in this place.
 D = Time resting spent in this place.
 E = Time spent auto-exploring this place.
 F = Levels seen in this place.
 G = Mean time per level.
                   A        B        C        D        E       F      G
               +--------+--------+--------+--------+--------+-----+--------+
         Total |   2619 |   2571 |     48 |    343 |   1604 |   4 |  654.8 |
       Dungeon |   2619 |   2571 |     48 |    343 |   1604 |   4 |  654.8 |
               +--------+--------+--------+--------+--------+-----+--------+

Top non-repeatable levels by time:
     D:1: 951 daAuts
     D:3: 778 daAuts
     D:2: 733 daAuts
     D:4: 155 daAuts
